 Dungeon Crawl Stone Soup version 0.27-a0-594-g2aaa8dbbc2 (webtiles) character file.

Game seed: 8516345055732563394

2216 ReteAZ the Frost Mage (level 9, -1/65 HPs)
             Began as a Demonspawn Ice Elementalist on Mar 11, 2021.
             Was an Initiate of Gozag.
             Slain by a two-headed ogre
             ... wielding a +0 giant spiked club
              (26 damage)
             ... on level 8 of the Dungeon.
             The game lasted 00:15:00 (9683 turns).

ReteAZ the Frost Mage (Demonspawn Ice Elementalist) Turns: 9683, Time: 00:15:00

Health: -1/65      AC:  4    Str:  9    XL:     9   Next: 13%
Magic:  15/16      EV: 13    Int: 20    God:    Gozag
Gold:   292        SH:  0    Dex: 13    Spells: 11/18 levels left

rFire    . . .     SeeInvis .   v - +2 short sword (protect)
rCold    . . .     Faith    .   (no shield)
rNeg     . . .     Spirit   .   a - +0 robe
rPois    .         Reflect  .   c - +0 hat
rElec    .         Harm     .   (no cloak)
rCorr    .         Rampage  .   (no gloves)
Will     .....                  (no boots)
Stlth    ++........             l - amulet of magic regeneration
HPRegen  0.20/turn              (no ring)
MPRegen  0.40/turn              (no ring)

@: mighty, frozen ramparts, studying Bows
A: claws 2, iridescent scales 1, powered by pain 2
a: Renounce Religion, Potion Petition, Call Merchant, Bribe Branch


You were on level 8 of the Dungeon.
You worshipped Gozag.
Gozag was aware of your devotion.
You visited 2 branches of the dungeon, and saw 9 of its levels.
You also visited: Sewer.

You collected 425 gold pieces.
You spent 33 gold pieces at shops.
You paid 100 gold pieces to Gozag.

Inventory:

Hand Weapons
 u - a +1 dagger of venom
 v - a +2 short sword of protection (weapon)
Missiles
 s - 20 poisoned darts
Armour
 a - a +0 robe (worn)
 c - a +0 hat (worn)
Magical Staves
 D - a staff of earth
Jewellery
 l - an amulet of magic regeneration (around neck)
Wands
 n - a wand of acid (1)
 E - a wand of polymorph (6)
 G - a wand of random effects (33)
Scrolls
 e - 2 scrolls of enchant armour {unknown}
 g - 3 scrolls of identify {unknown}
 h - a scroll of amnesia {unknown}
 o - 6 scrolls of immolation {unknown}
 p - 2 scrolls of random uselessness {unknown}
 r - 3 scrolls of enchant weapon {unknown}
 x - 4 scrolls of teleportation
 y - 2 scrolls of blinking {unknown}
 C - a scroll of fear {unknown}
 F - 2 scrolls of noise {unknown}
Potions
 b - 2 potions of lignification
 d - a potion of degeneration {unknown}
 f - 5 potions of heal wounds {unknown}
 i - a potion of might {unknown}
 j - 3 potions of flight {unknown}
 k - 4 potions of curing {unknown}
 m - a potion of ambrosia {unknown}
 q - a potion of cancellation {unknown}
 t - a potion of resistance
 w - 2 potions of brilliance {unknown}
 z - a potion of invisibility {unknown}
 A - 2 potions of mutation {unknown}
 B - 2 potions of attraction {unknown}


   Skills:
 + Level 4.0 Fighting
 + Level 4.2 Dodging
 - Level 1.7 Stealth
 - Level 5.0 Spellcasting
 - Level 9.2 Ice Magic


You had 11 spell levels left.
You knew the following spells:

 Your Spells              Type           Power      Damage    Failure   Level
a - Freeze                Ice            100%       1d11      1%          1
b - Frozen Ramparts       Ice            84%        1d10      1%          3
c - Ozocubu's Armour      Ice            42%        N/A       1%          3

Your spell library contained the following spells:

 Spells                   Type           Power      Damage    Failure   Level
 Hailstorm                Conj/Ice       23%        3d7       17%         4
 Summon Ice Beast         Ice/Summ       23%        N/A       17%         4


Dungeon Overview and Level Annotations

Branches:
Dungeon (8/15)             Temple (1/1) D:6           Sewer (visited)
   Lair: D:8-11

Altars:
Cheibriados
Dithmenos
Elyvilon
Fedhas
Gozag
Hepliaklqana
Kikubaaqudgha
Makhleb
Nemelex Xobeh
Okawaru
Qazlal
Sif Muna
Vehumet
Xom
Yredelemnul
Zin
The Shining One

Shops:
D:4 ?[(   D:6 [

Annotations:
D:7 Menkaure


Innate Abilities, Weirdness & Mutations

You have very sharp fingernails.
You are partially covered in iridescent scales. (AC +2)
You sometimes gain power by taking damage.


Message History

Casting: Frozen Ramparts (safe; 1% risk of failure)
Confirm with . or Enter, or press ? or * to list all spells.
Casting: Frozen Ramparts (safe; 1% risk of failure)
Press: ? - help, Dir - look around, f - activate The walls around you are covered in ice.
The wall freezes the two-headed ogre!
You hit the two-headed ogre but do no damage.
Your weapon exudes an aura of protection.
The two-headed ogre is lightly wounded.
The wall freezes the two-headed ogre!
The two-headed ogre closely misses you. The two-headed ogre barely misses you.
You freeze the two-headed ogre.
The two-headed ogre is moderately wounded.
You freeze the two-headed ogre.
The two-headed ogre is heavily wounded.
The wall freezes the two-headed ogre.
The two-headed ogre closely misses you. The two-headed ogre barely misses you.
You freeze the two-headed ogre.
The two-headed ogre is heavily wounded.
The wall freezes the two-headed ogre.
The two-headed ogre hits you with a +0 giant spiked club!
You focus on the pain.
You feel very mighty all of a sudden.
The two-headed ogre hits you with a +0 giant club!!
You focus on the pain.
You feel your power returning.
Your magical contamination has completely faded away.
You are too injured to fight recklessly!
You are too injured to fight recklessly!
You are too injured to fight recklessly!
Casting: Freeze (safe; 1% risk of failure)
Confirm with . or Enter, or press ? or * to list all spells.
Aiming: Freeze (safe; 1% risk of failure)
Press: ? - help, Shift-Dir - straight line, f/p - two-headed ogre
Aim: a two-headed ogre, wielding a +0 giant spiked club and a +0 giant club (severely wounded)
You freeze the two-headed ogre.
The two-headed ogre is severely wounded.
The wall freezes the two-headed ogre!
The two-headed ogre hits you with a +0 giant spiked club!!
You die...
Your body crumbles into a pile of gold.

####### ######......
###############......#####
#..........##...........##
#..O@....#.######...#
#.###.####.# #.... #. ###
#.# #...# #. #.# ##.## #.
#.#######... ..
#.........## #.
#.######### .# $ #.# #>#


You could see a two-headed ogre.

Vanquished Creatures
  A water moccasin (D:5)
  Purgy (Sewer)
  An ice beast (D:6)
  2 sky beasts
  3 ogres
  3 centaurs
  Blork the orc (D:4)
  A bullfrog (D:6)
  A scorpion (D:5)
  6 howler monkeys (D:7)
  3 hounds
  3 centaur zombies
  A bullfrog zombie (D:6)
  3 bullfrog skeletons (D:5)
  Terence (D:3)
  2 iguanas
  3 orc wizards (D:5)
  4 worker ants
  A hound zombie (D:7)
  A hound skeleton (D:5)
  4 gnolls (D:5)
  9 adders
  3 white imps
  An adder skeleton (D:4)
  2 worms
  3 dart slugs
  7 leopard geckos
  12 orcs
  A ball python (D:4)
  12 bats
  7 giant cockroaches
  5 goblins
  10 hobgoblins
  9 jackals
  14 kobolds
  3 quokkas
  7 frilled lizards
  9 rats
160 creatures vanquished.

Notes
Turn   | Place    | Note
-------+----------+-------------------------------------------
     0 | D:1      | ReteAZ the Demonspawn Ice Elementalist began the quest for
                  | the Orb.
     0 | D:1      | Reached XP level 1. HP: 13/13 MP: 3/3
   418 | D:1      | Gained mutation: You are partially covered in iridescent
                  | scales. (AC +2) [demonic ancestry]
   418 | D:1      | Reached XP level 2. HP: 19/19 MP: 1/5
   498 | D:1      | Reached skill level 4 in Ice Magic
  1097 | D:2      | Gained mutation: You sometimes gain a little power by
                  | taking damage. [demonic ancestry]
  1097 | D:2      | Reached XP level 3. HP: 24/24 MP: 3/6
  1449 | D:2      | Reached XP level 4. HP: 12/30 MP: 3/8
  2205 | D:3      | Reached skill level 5 in Ice Magic
  2281 | D:3      | Learned a level 3 spell: Frozen Ramparts
  2320 | D:3      | Noticed Terence
  2435 | D:3      | Gained mutation: You sometimes gain power by taking damage.
                  | [demonic ancestry]
  2435 | D:3      | Reached XP level 5. HP: 35/35 MP: 6/9
  2488 | D:3      | Found an iron altar of Okawaru.
  2501 | D:3      | Killed Terence
  3156 | D:4      | Found Qaotrah's Weapon Emporium.
  3156 | D:4      | Noticed Blork the orc
  3168 | D:4      | Killed Blork the orc
  3169 | D:4      | Reached XP level 6. HP: 14/41 MP: 9/11
  3173 | D:4      | Reached skill level 6 in Ice Magic
  3666 | D:4      | Found Rauw's Antique Armour Shoppe.
  3776 | D:4      | Found a glowing drain.
  3798 | Sewer    | Entered a sewer
  3939 | Sewer    | Noticed Purgy
  3943 | Sewer    | Killed Purgy
  4037 | D:4      | You fall into a shaft and drop 3 floors!
  4140 | D:7      | Reached XP level 7. HP: 46/46 MP: 10/13
  4163 | D:7      | Reached skill level 7 in Ice Magic
  4409 | D:7      | Noticed Menkaure
  4634 | D:6      | Found Dugaev's Armour Shoppe.
  4646 | D:5      | Entered Level 5 of the Dungeon
  4670 | D:5      | Reached skill level 5 in Spellcasting
  4922 | D:5      | Reached skill level 8 in Ice Magic
  4922 | D:5      | Gained mutation: You have sharp fingernails. [demonic
                  | ancestry]
  4922 | D:5      | Reached XP level 8. HP: 42/52 MP: 12/15
  5663 | D:4      | Found a snail-covered altar of Cheibriados.
  5892 | D:4      | Reached skill level 9 in Ice Magic
  6083 | D:4      | Learned a level 3 spell: Ozocubu's Armour
  6190 | D:4      | Found Luakoxo's Magic Scroll Shoppe.
  6207 | D:4      | Bought a scroll of teleportation for 33 gold pieces
  6377 | D:4      | Reached skill level 1 in Fighting
  7059 | D:5      | Found a shadowy altar of Dithmenos.
  7185 | D:6      | Found a staircase to the Ecumenical Temple.
  7200 | Temple   | Entered the Ecumenical Temple
  7348 | Temple   | Became a worshipper of Gozag Ym Sagoz the Greedy
  9148 | D:7      | Gained mutation: You have very sharp fingernails. [demonic
                  | ancestry]
  9148 | D:7      | Reached XP level 9. HP: 64/64 MP: 13/16
  9672 | D:8      | Noticed a two-headed ogre
  9683 | D:8      | Slain by a two-headed ogre

Illustrated notes

Levels and vault maps discovered:
D:1:      lemuel_arrival_cross, layout_basic
D:2:      layout_basic
D:3:      layout_loops_cross, okawaru_gym_becter, uniq_terence
D:4:      layout_cave_pods, cheibriados_altar_1, cheibrodos_sewer_entry_drain,
          serial_shops, nicolae_shop_overgrown_old_shop, shop, shop,
          minmay_manual_mares, uniq_blork_the_orc
D:5:      layout_cave_pools, serial_park, serial_park_avenue1,
          serial_park_square1 [serial_park_minivault_5x5_3],
          serial_park_tiny_pond, basic_altar
D:6:      layout_basic, minmay_temple_entry_wispy, serial_shops, shop
D:7:      layout_basic, uniq_menkaure
D:8:      layout_loops_ring, gammafunk_ghost_spectres, corexii_hall_statues_u
Temple:   nicolae_temple_elliptical

Skill      XL: |  1  2  3  4  5  6  7  8  9 |
---------------+----------------------------+-----
Ice Magic      | 4 5 6 8 9 |  9.2
Spellcasting   | 3 4 5 |  5.0
Fighting       | 3 4 |  4.0
Dodging        | 3 4 |  4.2
Stealth        | |  1.7

Action                   |  1- 3 |  4- 6 |  7- 9 || total
-------------------------+-------+-------+-------++-------
Melee: Unarmed           |    13 |     4 |   138 ||   155
       Dagger            |       |     2 |       ||     2
       Short sword       |       |    51 |   114 ||   165
 Cast: Freeze            |    61 |    77 |    89 ||   227
       Frozen Ramparts   |       |     8 |    21 ||    29
       Ozocubu's Armour  |       |       |    12 ||    12
Evoke: Wand              |       |       |     3 ||     3
  Use: Potion            |       |     1 |     1 ||     2
 Stab: Sleeping          |       |       |     1 ||     1
Armor: Robe              |    14 |    35 |   109 ||   158
       Skin              |       |       |    32 ||    32
Dodge: Dodged            |    46 |    80 |   216 ||   342

Table legend: (Time is in decaauts)
 A = Elapsed time spent in this place.
 B = Non-inter-level travel time spent in this place.
 C = Inter-level travel time spent in this place.
 D = Time resting spent in this place.
 E = Time spent auto-exploring this place.
 F = Levels seen in this place.
 G = Mean time per level.
                   A        B        C        D        E       F      G
               +--------+--------+--------+--------+--------+-----+--------+
         Total |   9708 |   9432 |    276 |   2410 |   5362 |  10 |  970.8 |
       Dungeon |   9358 |   9100 |    258 |   2410 |   5084 |   8 | 1169.8 |
        Temple |    167 |    149 |     18 |      0 |    137 |   1 |  167.0 |
         Sewer |    181 |    181 |      0 |      0 |    141 |   1 |  181.0 |
               +--------+--------+--------+--------+--------+-----+--------+

Top non-repeatable levels by time:
     D:6: 1813 daAuts
     D:5: 1485 daAuts
     D:4: 1444 daAuts
     D:3: 1215 daAuts
     D:2: 1122 daAuts
     D:1: 1092 daAuts
     D:7: 873 daAuts
     D:8: 311 daAuts
   Sewer: 181 daAuts
  Temple: 167 daAuts
